 Dungeon Crawl Stone Soup version 0.19-a0-1899-g2d93087 (webtiles) character file.

28 Ijustatesigmund the Magician (level 3, -1/19 HPs)
             Began as a Gargoyle Wizard on Oct 19, 2016.
             Slain by a worm (9 damage)
             ... on level 2 of the Dungeon.
             The game lasted 00:04:41 (1519 turns).

Ijustatesigmund the Magician (Gargoyle Wizard)      Turns: 1519, Time: 00:04:41

Health: -1/19      AC:  6    Str: 10    XL:     3   Next: 12%
Magic:  1/7        EV: 12    Int: 22    God:
Gold:   101        SH:  0    Dex:  9    Spells: 3 memorised, 3 levels left

rFire  . . .     SeeInvis .     f - -1 club (curse)
rCold  . . .     Gourm    .     a - +0 robe
rNeg   + + .     Faith    .     (no shield)
rPois  ∞         Spirit   .     k - +0 helmet
rElec  +         Reflect  .     (no cloak)
rCorr  .         Harm     .     (no gloves)
MR     .....                    (no boots)
Stlth  ++........               (no amulet)
                                i - +4 ring of intelligence
                                g - ring of positive energy

@: repel missiles
A: negative energy resistance 1, electricity resistance, unbreathing,
petrification resistance, rot immunity, AC +3
a: no special abilities


You were on level 2 of the Dungeon.
You were hungry.

You visited 1 branch of the dungeon, and saw 2 of its levels.

You collected 101 gold pieces.

Inventory:

Hand Weapons
 e - a +2 whip of electrocution
 f - a cursed -1 club (weapon)
Armour
 a - a +0 robe (worn)
 k - a +0 helmet (worn)
Jewellery
 g - a ring of positive energy (left hand)
 i - a +4 ring of intelligence (right hand)
Scrolls
 h - a scroll of magic mapping
 j - a scroll of identify
Potions
 l - 2 potions of heal wounds
Books
 c - a book of Minor Magic

   Spells                             Type                      Level
   a - Magic Dart                     Conjuration                  1
   b - Blink                          Translocation                2
   c - Call Imp                       Summoning                    2
   d - Repel Missiles                 Charms/Air                   2
   e - Slow                           Hexes                        2
   f - Conjure Flame                  Conjuration/Fire             3
   g - Mephitic Cloud                 Conjuration/Poison/Air       3
Comestibles
 b - a beef jerky
 d - a bread ration


   Skills:
 + Level 1.1 Maces & Flails
 - Level 1.5 Dodging
 - Level 2.1 Stealth
 - Level 3.0 Spellcasting
 + Level 2.5 Conjurations
   Level 0.8 Summonings
 + Level 1.2 Translocations


You had 3 spell levels left.
You knew the following spells:

 Your Spells              Type           Power        Failure   Level  Hunger
a - Magic Dart            Conj           ##..         6%          1    None
b - Blink                 Tloc           N/A          12%         2    ##.....
c - Repel Missiles        Chrm/Air       #.....       21%         2    ##.....


Dungeon Overview and Level Annotations

Branches:
Dungeon (2/15)

Altars:


Innate Abilities, Weirdness & Mutations

You are resistant to torment.
Your stone body is resilient. (AC +3)
You are immune to poison.
You resist negative energy. (rN+)
You are resistant to electric shocks. (rElec)
You can survive without breathing.
You are immune to petrification.
You are immune to rotting.


Message History

Casting: Magic Dart
Confirm with . or Enter, or press ? or * to list all spells.
Aiming: Magic Dart
Press: ? - help, Shift-Dir - straight line, f/p - worm
Aim: a worm (heavily wounded)
The magic dart hits the worm.
The worm is severely wounded.
The worm bites you!
You hit the worm.
The worm is heavily wounded.
You hit the worm but do no damage.
The worm is heavily wounded.
The worm bites you.
You hit the worm.
The worm is severely wounded.
The worm completely misses you.
You hit the worm.
The worm is severely wounded.
The worm bites you!
You die...

.......######............#
#.####
..)...............w.....>#
#.....
.......######............#
###### .....).#
#.......[....# # .......#
####.###'##### #
.......### #.# #.# #
.......... #.#
#.############ ######....
##w###......)...... +
+.... #.@....############
# .. #......# # #......# #
#......# # #......# #
#......# # #......# #
#......# #......#


You could see a worm.

Vanquished Creatures
  An ooze (D:1)
  A dart slug (D:1)
  2 giant cockroaches
  A hobgoblin (D:1)
  4 kobolds
  A quokka (D:2)
  3 bats (D:1)
  3 frilled lizards
  4 goblins
  A rat (D:1)
21 creatures vanquished.

Notes
Turn   | Place    | Note
-------+----------+-------------------------------------------
     0 | D:1      | Ijustatesigmund the Gargoyle Wizard began the quest for the Orb.
     0 | D:1      | Reached XP level 1. HP: 10/10 MP: 4/4
   265 | D:1      | Reached XP level 2. HP: 13/15 MP: 3/6
   297 | D:1      | Learned a level 2 spell: Blink
   300 | D:1      | Learned a level 2 spell: Repel Missiles
   342 | D:1      | Reached skill level 1 in Translocations
   979 | D:2      | Reached skill level 1 in Maces & Flails
  1049 | D:2      | Reached XP level 3. HP: 19/19 MP: 4/7
  1519 | D:2      | Slain by a worm

Vault maps used:
D:1:      dpeg_arrival_ternary, minmay_misc_feat_ornament, serial_bayou_pond_b,
          fountainhead
D:2:      chequers_temple_overflow_minitemple

Skill      XL: |  1  2 |
---------------+-------+-----
Conjurations   | 2 |  2.5
Translocations | 1 |  1.2
Maces & Flails | 1 |  1.1
Dodging        | |  1.5
Stealth        | |  2.1
Spellcasting   | |  3.0
Summonings     | |  0.8

Action                   || total
-------------------------++-------
Melee: Club              ||    44
 Cast: Magic Dart        ||    58
       Repel Missiles    ||     1
  Use: Scroll            ||     6
  Eat: Chunk             ||     1
Armor: Robe              ||    11
Dodge: Dodged            ||    38
